 Dungeon Sprint DCSS version bcrawl-1.15.1 (webtiles) character file.

Game seed: 11707837794569044880

5859 Kerapac the Warrior (level 10, -26/108 HPs)
             Began as a Hill Orc Archaeologist on Oct 3, 2019.
             Was a High Priest of Okawaru.
             Annihilated by a komodo dragon (27 damage)
             ... in the Dungeon (Sprint III: "The Ten Rune Challenge").
             The game lasted 00:08:08 (2033 turns).

Kerapac the Warrior (Hill Orc Archaeologist)        Turns: 2033, Time: 00:08:09

Health: -26/108    AC:  8    Str: 18    XL:     10   Next: 81%
Magic:  17/18      EV: 15    Int: 14    God:    Okawaru [*****.]
Gold:   41         SH:  0    Dex:  9    Spells: 9/9 levels left

rFire    . . .     SeeInvis .   f - +5 pair of quick blades "Gyre" and "Gimble" {pierce}
rCold    . . .     Gourm    .   (shield currently unavailable)
rNeg     . . .     Faith    .   b - +1 robe
rPois    .         Spirit   .   c - +1 hat
rElec    .         Reflect  .   (no cloak)
rCorr    .         Harm     .   (no gloves)
MR       .....     NoTele   +   d - +1 pair of boots
Stlth    ++........             (no amulet)
HPRegen  0.28/turn              (no ring)
MPRegen  0.16/turn              (no ring)

@: lethally poisoned (-26 -> -28), heroism, very slow
A: no striking features
a: Heroism, Finesse, Renounce Religion


You were in the Dungeon.
You worshipped Okawaru.
Okawaru was extremely pleased with you.
You were not hungry.

You visited 1 branch You collected 41 gold pieces.

Inventory:

Hand Weapons
 a - a +0 whip
 f - the +5 pair of quick blades "Gyre" and "Gimble" (weapon) {pierce}

   It inflicts extra damage upon your enemies.
Missiles
 l - 9 throwing nets (quivered) {!f}
Armour
 b - a +1 robe (worn)
 c - a +1 hat (worn)
 d - a +1 pair of boots (worn)
Scrolls
 n - 2 scrolls of holy word
 o - a scroll of magic mapping {unknown}
 p - a scroll of enchant weapon {unknown}
 s - a scroll of identify {unknown}
 t - 2 scrolls of remove curse
Potions
 e - a potion of might
 i - 3 potions of mutation {unknown}
 k - 2 potions of magic
 r - 3 potions of flight
Comestibles
 g - 4 rations {!d}


   Skills:
 * Level 16.7(21.7) Fighting
   Level 16.7(21.7) Short Blades
   Level 16.7(21.7) Long Blades
   Level 16.7(21.7) Axes
   Level 16.7(21.7) Maces & Flails
   Level 16.7(21.7) Polearms
   Level 16.7(21.7) Staves
 - Level 6.1(11.1) Throwing
 + Level 11.3(16.3) Armour
 - Level 2.4(7.4) Dodging
 - Level 2.6(7.6) Stealth
   Level 16.7(21.7) Unarmed Combat
 - Level 10.7 Invocations
 * Level 3.1 Evocations


You had 9 spell levels left.
You didn't know any spells.
Your spell library contained the following spells:

 Spells                   Type           Power        Failure   Level  Hunger
 Apportation              Tloc           #.....       28%         1    ##.....
 Infusion                 Chrm           #.......     28%         1    ##.....
 Sandblast                Erth           #.....       28%         1    ##.....
 Slow                     Hex            #.......     28%         1    ##.....
 Summon Butterflies       Summ           #.......     28%         1    ##.....


Dungeon Overview and Level Annotations

Branches:
Dungeon (1/1)

Altars:
Cheibriados
Dithmenos
Elyvilon
Fedhas
Gozag
Hepliaklqana
Kikubaaqudgha
Lugonu
Makhleb
Nemelex Xobeh
Okawaru
Qazlal
Ru
Sif Muna
Trog
Uskayaw
Vehumet
Wu Jian
Xom
Yredelemnul
Zin
The Shining One
Beogh
Jiyva


Message History

The komodo dragon misses you. The cane toad completely misses you.
You hit the cane toad but do no damage. You puncture the cane toad!
You barely miss the cane toad. x2; The komodo dragon bites you!!
* * * LOW HITPOINT WARNING * * *
You hit the cane toad but do no damage. x2; You feel sick.
The cane toad misses you.
You hit the cane toad. You hit the cane toad but do no damage.
Okay, then.
You feel sick. The komodo dragon barely misses you.
You feel sick. The cane toad completely misses you.
You feel sick. The komodo dragon closely misses you.
You feel sick. The cane toad misses you.
You enter the shallow water.
Moving in this stuff is going to be slow.
You feel sick. The cane toad hits you.
* * * LOW HITPOINT WARNING * * *
The komodo dragon completely misses you.
* * * LOW HITPOINT WARNING * * *
You feel sick. The komodo dragon bites you!!
You die...

.......# ######'#
#__#...#+#####################
#__#...#....#.#)#.....#......+
#__#...##.#).#.##)###)#......#
#__#...'##.#.#.##.#.)##......#
#__'...#...#..#..##..'.......#
▓▓▓▓▓▓▓▓▓▓▓▓▓▓▓▓▓▓▓▓▓#.......#
♣≈≈≈........F@≈...#.......#
♣'♣≈≈≈≈≈≈≈≈≈≈l≈♣♣P.'.......#
F≈♣♣♣♣♣♣♣♣♣♣♣♣♣♣♣♣PP#..)....#
#.. ♣♣♣##'###### ## #...'
#...#. #...# # #####


You could see a komodo dragon and a cane toad.

Vanquished Creatures
  Harold (D)
  Erolcha (D)
  Joseph (D)
  A deep elf mage (D)
  A cane toad (D)
  3 wandering mushrooms (D)
  A shadow (D)
  2 redbacks (D)
  A spatial vortex (D)
  A necrophage (D)
  5 two-headed ogres (D)
  A water elemental (D)
  A jelly (D)
  A wizard (D)
  A necromancer (D)
  3 humans (D)
  A kobold demonologist (D)
  A wolf (D)
  An ooze (D)
  3 rats (D)
31 creatures vanquished.

Vanquished Creatures (others)
  2 draconian scorchers (D)
  6 hellions (D)
  A yaktaur (D)
  A plant (D)
10 creatures vanquished.

Grand Total: 41 creatures vanquished

Notes
Turn   | Place    | Note
-------+----------+-------------------------------------------
     0 | D        | Kerapac the Hill Orc Archaeologist began the quest for the
                  | Orb.
     0 | D        | Reached XP level 1. HP: 15/15 MP: 1/1
     9 | D        | Reached skill level 1 in Fighting
    15 | D        | Reached skill level 2 in Fighting
    31 | D        | Reached skill level 3 in Fighting
    40 | D        | Reached XP level 2. HP: 24/26 MP: 2/2
    63 | D        | Killed a yaktaur
    84 | D        | Reached skill level 4 in Fighting
    84 | D        | Reached XP level 3. HP: 16/34 MP: 3/3
   111 | D        | Killed a hellion
   122 | D        | Killed a hellion
   124 | D        | Killed a hellion
   124 | D        | Killed a hellion
   124 | D        | Killed a hellion
   141 | D        | Killed a white draconian scorcher
   143 | D        | Killed a hellion
   185 | D        | Killed a white draconian scorcher
   253 | D        | Reached skill level 6 in Fighting
   534 | D        | Noticed a water elemental
   543 | D        | Killed a water elemental
   543 | D        | Reached skill level 8 in Fighting
   543 | D        | Reached XP level 4. HP: 10/49 MP: 4/4
   802 | D        | Found a hide-covered altar of Uskayaw.
   802 | D        | Found a roughly hewn altar of Beogh.
   802 | D        | Found an iron altar of Okawaru.
   802 | D        | Found a bloodstained altar of Trog.
   802 | D        | Found an ornate altar of the Wu Jian Council.
   802 | D        | Noticed a human
   803 | D        | Noticed a human
   809 | D        | Killed a human
   809 | D        | Reached skill level 10 in Fighting
   809 | D        | Reached skill level 5 in Armour
   809 | D        | Reached XP level 5. HP: 57/58 MP: 5/5
   809 | D        | Reached XP level 6. HP: 65/66 MP: 6/6
   824 | D        | Killed a human
   824 | D        | Reached skill level 11 in Fighting
   831 | D        | Became a worshipper of Warmaster Okawaru
   933 | D        | Found a glowing silver altar of Zin.
   933 | D        | Found a glowing golden altar of the Shining One.
   933 | D        | Found a white marble altar of Elyvilon.
   934 | D        | Noticed a deep elf mage
   937 | D        | Killed a deep elf mage
   937 | D        | Reached * piety under Okawaru
   937 | D        | Reached skill level 12 in Fighting
   937 | D        | Reached XP level 7. HP: 70/78 MP: 7/7
   944 | D        | Found a radiant altar of Vehumet.
   944 | D        | Found a shimmering blue altar of Sif Muna.
   944 | D        | Found an ancient bone altar of Kikubaaqudgha.
   946 | D        | Reached skill level 1 in Invocations
   962 | D        | Found a basalt altar of Yredelemnul.
   962 | D        | Found a shadowy altar of Dithmenos.
   962 | D        | Found a sacrificial altar of Ru.
   967 | D        | Reached XP level 8. HP: 83/85 MP: 8/10
   978 | D        | Noticed a shadow
   984 | D        | Killed a shadow
   984 | D        | Reached ** piety under Okawaru
   984 | D        | Reached skill level 13 in Fighting
   984 | D        | Reached skill level 5 in Invocations
  1021 | D        | Found a blossoming altar of Fedhas.
  1021 | D        | Found a stormy altar of Qazlal.
  1021 | D        | Found a snail-covered altar of Cheibriados.
  1021 | D        | Found a burning altar of Makhleb.
  1021 | D        | Found a shimmering altar of Xom.
  1022 | D        | Found a hazy altar of Hepliaklqana.
  1022 | D        | Found an opulent altar of Gozag.
  1022 | D        | Found a sparkling altar of Nemelex Xobeh.
  1022 | D        | Found a corrupted altar of Lugonu.
  1022 | D        | Found a viscous altar of Jiyva.
  1239 | D        | Noticed a two-headed ogre
  1248 | D        | Killed a two-headed ogre
  1248 | D        | Reached *** piety under Okawaru
  1248 | D        | Reached XP level 9. HP: 83/94 MP: 14/16
  1253 | D        | Noticed a two-headed ogre
  1253 | D        | Noticed Erolcha
  1267 | D        | Killed a two-headed ogre
  1267 | D        | Reached skill level 14 in Fighting
  1267 | D        | Reached skill level 10 in Invocations
  1271 | D        | Killed Erolcha
  1271 | D        | Reached **** piety under Okawaru
  1271 | D        | Reached skill level 15 in Fighting
  1330 | D        | Noticed Joseph
  1331 | D        | Noticed Harold
  1335 | D        | HP: 3/97 [Harold/poison arrow (33)]
  1804 | D        | Killed Harold
  1804 | D        | Reached ***** piety under Okawaru
  1804 | D        | Received a gift from Okawaru
  1804 | D        | Reached skill level 16 in Fighting
  1804 | D        | Reached skill level 10 in Armour
  1804 | D        | Reached XP level 10. HP: 80/107 MP: 15/18
  1820 | D        | Killed Joseph
  1999 | D        | Reached skill level 1 in Evocations
  2011 | D        | Noticed a cane toad
  2011 | D        | Noticed a cane toad
  2019 | D        | Killed a cane toad
  2032 | D        | HP: 2/108 [cane toad (5)]
  2033 | D        | Annihilated by a komodo dragon

Skill      XL: |  1  2  3  4  5  6  7  8  9 10 |
---------------+-------------------------------+-----
Fighting       | 3 4 8 10 12 13 16 | 16.7
Armour         | 5 9 10 11 | 11.3
Invocations    | 3 9 10 | 10.7
Throwing       | 6 |  6.1
Evocations     | 3 |  3.1
Short Blades   | | 16.7
Long Blades    | | 16.7
Axes           | | 16.7
Maces & Flails | | 16.7
Polearms       | | 16.7
Staves         | | 16.7
Dodging        | |  2.4
Stealth        | |  2.6
Unarmed Combat | | 16.7

Action                   |  1- 3 |  4- 6 |  7- 9 | 10-12 || total
-------------------------+-------+-------+-------+-------++-------
Melee: Whip              |    59 |       |       |       ||    59
       Pair of quick bla |       |    21 |    72 |    39 ||   132
Throw: Throwing net      |       |       |       |     1 ||     1
Invok: Heroism           |       |       |     2 |     1 ||     3
  Use: Potion            |     2 |       |     3 |       ||     5
       Scroll            |       |       |     1 |       ||     1
 Stab: Sleeping          |       |     1 |     2 |       ||     3
       Held in net/web   |       |       |     1 |       ||     1
  Eat: Ration            |       |       |     1 |       ||     1
Armor: Robe              |     9 |     2 |     1 |     3 ||    15
Dodge: Dodged            |    27 |       |    20 |    16 ||    63
